MLB
COLORADO ROCKIES @ CINCINNATI REDS
06/27/2099
 
TOP OF THE 1ST
Colorado Rockies batting - Pitching for Cincinnati Reds : RHP Josh Blackburn
Pitching: RHP Josh Blackburn
Batting: LHB Glenn Sewell 0-0: Ball
1-0: Foul Ball, location: 2LF
1-1: Ball
2-1: Foul Ball, location: 2F
2-2: SINGLE (Line Drive, 34, EV 109.4 MPH)
Batting: RHB Mike Woodard 0-0: Ball
1-0: Ball
2-0: SINGLE (Line Drive, 34D, EV 98.8 MPH)
Glenn Sewell to second
Batting: LHB Matt Beck 0-0: Fly out, F9 (Flyball, 9LD, EV 85.0 MPH)
Runner from 2nd tags up, SAFE at 3rd, no throw by RF
Batting: LHB Jim Davis 0-0: Ball
1-0: Ball
2-0: Foul Ball, location: 2F
2-1: Ball
3-1: Foul Ball, location: 7LMFF
3-2: Foul Ball, location: 2F
3-2: Fly out, F6 (Popup, 6, EV 65.0 MPH)
Batting: LHB Jeremy Papish 0-0: Ball
1-0: Called Strike
1-1: Ball
2-1: Foul Ball, location: 3F
2-2: Strikes out swinging
Top of the 1st over - 0 runs, 2 hits, 0 errors, 2 left on base; Colorado 0 - Cincinnati 0
BOTTOM OF THE 1ST
Cincinnati Reds batting - Pitching for Colorado Rockies : LHP Juan Robles
Pitching: LHP Juan Robles
Batting: RHB Erik Schmidt 0-0: Foul Ball, location: 2LF
0-1: Foul Ball, location: 3F
0-2: Ball
1-2: Ground out 4-3 (Groundball, 4, EV 85.0 MPH)
Batting: RHB Dave Truax 0-0: Ball
1-0: Foul Ball, location: 2F
1-1: SINGLE (Groundball, 5L, EV 82.5 MPH) (infield hit)
Batting: LHB Steve Carbone 0-0: Called Strike
0-1: Ball
1-1: Fielders Choice at 2nd, 4-6 (Groundball, 4, EV 86.9 MPH)
Batting: RHB Tim Mercer 0-0: Called Strike
0-1: Swinging Strike
0-2: DOUBLE (Flyball, 8LXD, EV 113.1 MPH)
Steve Carbone to third
Runner from 3rd tries for Home, SAFE, throw by CF to home
Batting: RHB Earl Boivin 0-0: Called Strike
0-1: Foul Ball, location: 7LMF
0-2: Ground out U3 (Groundball, 3S, EV 66.9 MPH)
Bottom of the 1st over - 1 run, 2 hits, 0 errors, 1 left on base; Colorado 0 - Cincinnati 1
TOP OF THE 2ND
Colorado Rockies batting - Pitching for Cincinnati Reds : RHP Josh Blackburn
Batting: RHB Orlando Serrano 0-0: Foul Ball, location: 7LMF
0-1: Foul Ball, location: 9LDF
0-2: Foul Ball, location: 2RF
0-2: Strikes out swinging
Batting: LHB Josh Bell 0-0: Foul Ball, location: 2F
0-1: Ground out 5-3 (Groundball, 5D, EV 100.0 MPH)
Batting: LHB Jesus Pena 0-0: Called Strike
0-1: Fly out, F8 (Line Drive, 8LM, EV 90.6 MPH)
Top of the 2nd over - 0 runs, 0 hits, 0 errors, 0 left on base; Colorado 0 - Cincinnati 1
BOTTOM OF THE 2ND
Cincinnati Reds batting - Pitching for Colorado Rockies : LHP Juan Robles
Batting: RHB Jesus Najera 0-0: Called Strike
0-1: Called Strike
0-2: Ball
1-2: Ball
2-2: Foul Ball, location: 25FF
2-2: Foul Ball, location: 9LSF
2-2: Ball
3-2: Foul Ball, location: 25FF
3-2: SOLO HOME RUN (Flyball, 78XD, EV 103.1 MPH), Distance : 404 ft
Batting: LHB Jonathan Nelson 0-0: Ball
1-0: Called Strike
1-1: Foul Ball, location: 5FF
1-2: Ball
2-2: Foul Ball, location: 5SF
2-2: Foul Ball, location: 3F
2-2: Ball
3-2: Ground out 3-1 (Groundball, 34S, EV 85.0 MPH)
Batting: RHB Walt McGraw 0-0: Ground out 5-3 (Groundball, 5S, EV 84.4 MPH)
Batting: RHB Alfonso Tejeda 0-0: Foul Ball, location: 2F
0-1: SINGLE (Groundball, 4MD, EV 103.1 MPH)
Pitching: RHP Xavier Clayton
Batting: RHB Erik Schmidt 0-0: Foul Ball, location: 9LDF
0-1: Swinging Strike
0-2: Ball
1-2: Foul Ball, location: 23F
1-2: Foul Ball, location: 23FF
1-2: Strikes out looking
Bottom of the 2nd over - 1 run, 2 hits, 0 errors, 1 left on base; Colorado 0 - Cincinnati 2
TOP OF THE 3RD
Colorado Rockies batting - Pitching for Cincinnati Reds : RHP Josh Blackburn
Batting: RHB John Stevens 0-0: Ball
1-0: Ball
2-0: Ball
3-0: Called Strike
3-1: Base on Balls
Batting: LHB Glenn Sewell 0-0: Ball
1-0: Ball
2-0: Ball
3-0: Foul Ball, location: 23F
3-1: Base on Balls
John Stevens to second
Batting: RHB Mike Woodard 0-0: Foul Ball, location: 2F
0-1: Ball
1-1: Ball
2-1: Swinging Strike
2-2: Foul Ball, location: 2F
2-2: Strikes out swinging
Batting: LHB Matt Beck 0-0: Ball
1-0: Ball
2-0: Swinging Strike
2-1: Called Strike
2-2: Strikes out swinging
Batting: LHB Jim Davis 0-0: Ball
1-0: Called Strike
1-1: Ball
2-1: DOUBLE (Flyball, 8LXD, EV 100.6 MPH)
John Stevens scores
Glenn Sewell to third
Runner from 3rd tries for Home, SAFE, no throw by CF
Batting: LHB Jeremy Papish 0-0: Swinging Strike
0-1: Ball
1-1: SINGLE (Line Drive, 8RS, EV 106.3 MPH)
Jim Davis to third
Runner from 3rd tries for Home, SAFE, throw by CF to home
Batting: RHB Orlando Serrano 0-0: Ball
1-0: 2-RUN HOME RUN (Flyball, 78XD, EV 99.4 MPH), Distance : 415 ft
Pitching: RHP A.J. Cameron
Batting: LHB Josh Bell 0-0: Foul Ball, location: 5FF
0-1: Ball
1-1: Ball
2-1: Fly out, F8 (Flyball, 8RS, EV 98.8 MPH)
Top of the 3rd over - 5 runs, 3 hits, 0 errors, 0 left on base; Colorado 5 - Cincinnati 2
BOTTOM OF THE 3RD
Cincinnati Reds batting - Pitching for Colorado Rockies : RHP Xavier Clayton
Batting: RHB Dave Truax 0-0: Ball
1-0: Ball
2-0: Ball
3-0: Called Strike
3-1: Ground out 6-3 (Groundball, 6, EV 89.4 MPH)
Batting: LHB Steve Carbone 0-0: Called Strike
0-1: Ball
1-1: Ball
2-1: Ball
3-1: SOLO HOME RUN (Flyball, 9LD, EV 98.1 MPH), Distance : 382 ft
Batting: RHB Tim Mercer 0-0: Ball
1-0: Ball
2-0: Fly out, F9 (Flyball, 9, EV 93.8 MPH)
Batting: RHB Earl Boivin 0-0: Called Strike
0-1: Foul Ball, location: 25F
0-2: Foul Ball, location: 2F
0-2: Strikes out swinging
Bottom of the 3rd over - 1 run, 1 hit, 0 errors, 0 left on base; Colorado 5 - Cincinnati 3
TOP OF THE 4TH
Colorado Rockies batting - Pitching for Cincinnati Reds : RHP A.J. Cameron
Batting: LHB Jesus Pena 0-0: Swinging Strike
0-1: Fly out, F8 (Flyball, 78S, EV 92.5 MPH)
Batting: RHB John Stevens 0-0: Foul Ball, location: 25F
0-1: DOUBLE (Line Drive, 78D, EV 108.1 MPH)
Batting: LHB Glenn Sewell 0-0: Ball
1-0: Called Strike
1-1: Ground out 4-3 (Groundball, 4, EV 102.5 MPH)
John Stevens to third
Batting: RHB Mike Woodard 0-0: Ball
1-0: Called Strike
1-1: Called Strike
1-2: Strikes out looking
Top of the 4th over - 0 runs, 1 hit, 0 errors, 1 left on base; Colorado 5 - Cincinnati 3
BOTTOM OF THE 4TH
Cincinnati Reds batting - Pitching for Colorado Rockies : RHP Xavier Clayton
Batting: RHB Jesus Najera 0-0: Foul Ball, location: 5F
0-1: SOLO HOME RUN (Flyball, 89XD, EV 96.9 MPH), Distance : 379 ft
Batting: LHB Jonathan Nelson 0-0: Called Strike
0-1: Foul Ball, location: 2F
0-2: Ball
1-2: Strikes out swinging
Batting: RHB Walt McGraw 0-0: Called Strike
0-1: Ball
1-1: Ball
2-1: DOUBLE (Line Drive, 89M, EV 93.1 MPH)
Batting: RHB Alfonso Tejeda 0-0: Foul Ball, location: 7LSF
0-1: Called Strike
0-2: Strikes out swinging
Batting: RHB Erik Schmidt 0-0: Ball
1-0: SINGLE (Groundball, 13, EV 73.1 MPH) (infield hit)
Walt McGraw to third
Batting: RHB Dave Truax 0-0: 3-RUN HOME RUN (Flyball, 89XD, EV 109.4 MPH), Distance : 411 ft
Pitching: RHP Danny Dudley
Batting: LHB Steve Carbone 0-0: Ball
1-0: Ball
2-0: Called Strike
2-1: Called Strike
2-2: SINGLE (Groundball, 56D, EV 100.6 MPH) (infield hit)
Batting: RHB Tim Mercer 0-0: Called Strike
0-1: Foul Ball, location: 5FF
0-2: Strikes out looking
Bottom of the 4th over - 4 runs, 5 hits, 0 errors, 1 left on base; Colorado 5 - Cincinnati 7
TOP OF THE 5TH
Colorado Rockies batting - Pitching for Cincinnati Reds : RHP A.J. Cameron
Batting: LHB Matt Beck 0-0: Swinging Strike
0-1: Fly out, F3 (Popup, 3D, EV 64.4 MPH)
Batting: LHB Jim Davis 0-0: Swinging Strike
0-1: Fly out, F7 (Line Drive, 7S, EV 95.6 MPH)
Batting: LHB Jeremy Papish 0-0: Swinging Strike
0-1: Ball
1-1: Foul Ball, location: 2F
1-2: SINGLE (Flyball, 56D, EV 90.0 MPH)
Batting: RHB Orlando Serrano 0-0: Ball
1-0: Ball
2-0: Foul Ball, location: 7LDF
2-1: Swinging Strike
2-2: Ball
3-2: SINGLE (Line Drive, 4MD, EV 104.4 MPH)
Jeremy Papish to second
Jeremy Papish to third
Batting: LHB Josh Bell 0-0: Called Strike
0-1: Fly out, F8 (Flyball, 89D, EV 109.4 MPH)
Top of the 5th over - 0 runs, 2 hits, 0 errors, 2 left on base; Colorado 5 - Cincinnati 7
BOTTOM OF THE 5TH
Cincinnati Reds batting - Pitching for Colorado Rockies : RHP Danny Dudley
Batting: RHB Earl Boivin 0-0: Called Strike
0-1: Ball
1-1: Ball
2-1: Swinging Strike
2-2: SINGLE (Groundball, 56S, EV 68.8 MPH) (infield hit)
Batting: RHB Jesus Najera 0-0: Swinging Strike
0-1: Foul Ball, location: 2F
0-2: Strikes out swinging
Batting: LHB Jonathan Nelson 0-0: Ball
1-0: Ball
2-0: Ball
3-0: Base on Balls
Earl Boivin to second
Batting: RHB Walt McGraw 0-0: Called Strike
0-1: Foul Ball, location: 9LMF
0-2: Ball
1-2: Strikes out looking
Batting: RHB Alfonso Tejeda 0-0: Ball
1-0: Called Strike
1-1: Ground out 5-3 (Groundball, 56S, EV 66.3 MPH)
Bottom of the 5th over - 0 runs, 1 hit, 0 errors, 2 left on base; Colorado 5 - Cincinnati 7
TOP OF THE 6TH
Colorado Rockies batting - Pitching for Cincinnati Reds : RHP A.J. Cameron
Batting: LHB Jesus Pena 0-0: Fly out, F7 (Line Drive, 78M, EV 105.6 MPH)
Pinch Hitting: LHB Mike Keatts 0-0: Ball
1-0: Swinging Strike
1-1: Called Strike
1-2: SINGLE (Line Drive, 4D, EV 93.8 MPH)
Pitching: RHP Harley Sinclair
Batting: LHB Glenn Sewell 0-0: Ball
1-0: Ball
2-0: Called Strike
2-1: Called Strike
2-2: Strikes out looking
Batting: RHB Mike Woodard 0-0: Ball
1-0: Called Strike
1-1: Swinging Strike
1-2: Strikes out swinging
Top of the 6th over - 0 runs, 1 hit, 0 errors, 1 left on base; Colorado 5 - Cincinnati 7
BOTTOM OF THE 6TH
Cincinnati Reds batting - Pitching for Colorado Rockies : RHP Danny Dudley
Now at SS: Mike Keatts
Batting: RHB Erik Schmidt 0-0: Ball
1-0: Ball
2-0: Called Strike
2-1: Called Strike
2-2: DOUBLE (Line Drive, 78M, EV 100.0 MPH)
Batting: RHB Dave Truax 0-0: Ball
1-0: Foul Ball, location: 9LSF
1-1: Swinging Strike
1-2: Ball
2-2: Fly out, F4 (Popup, 3S, EV 71.3 MPH)
Pitching: RHP Matthew Hodge
Batting: LHB Steve Carbone 0-0: Ball
1-0: Called Strike
1-1: Ball
2-1: Ground out 1-3 (Groundball, 13S, EV 67.5 MPH)
Erik Schmidt to third
Batting: RHB Tim Mercer 0-0: Foul Ball, location: 2F
0-1: Ball
1-1: Fly out, F8 (Flyball, 8RD, EV 103.1 MPH)
Bottom of the 6th over - 0 runs, 1 hit, 0 errors, 1 left on base; Colorado 5 - Cincinnati 7
TOP OF THE 7TH
Colorado Rockies batting - Pitching for Cincinnati Reds : RHP Harley Sinclair
Batting: LHB Matt Beck 0-0: Called Strike
0-1: Ball
1-1: Ball
2-1: Ball
3-1: Called Strike
3-2: DOUBLE (Flyball, 9LD, EV 96.3 MPH)
Batting: LHB Jim Davis 0-0: Ball
1-0: Ball
2-0: Foul Ball, location: 2F
2-1: Foul Ball, location: 7LDF
2-2: Foul Ball, location: 7LSF
2-2: Ball
3-2: Foul Ball, location: 5F
3-2: Strikes out swinging
Batting: LHB Jeremy Papish 0-0: Ball
1-0: Ball
2-0: Called Strike
2-1: Foul Ball, location: 5SF
2-2: 2-RUN HOME RUN (Flyball, 89XD, EV 111.3 MPH), Distance : 414 ft
Batting: RHB Orlando Serrano 0-0: Ball
1-0: Ball
2-0: Called Strike
2-1: Ball
3-1: Called Strike
3-2: Reached on error, E4 (Groundball, 4M, EV 86.3 MPH)
Pitching: LHP Jason Boles
Batting: LHB Josh Bell 0-0: Ball
1-0: Foul Ball, location: 2F
1-1: Ground out 6-3 (Groundball, 6M, EV 98.8 MPH)
Orlando Serrano to third
Pinch Hitting: RHB Ricky Aguilera 0-0: Called Strike
0-1: Foul Ball, location: 7LDF
0-2: Strikes out swinging
Top of the 7th over - 2 runs, 2 hits, 1 error, 1 left on base; Colorado 7 - Cincinnati 7
BOTTOM OF THE 7TH
Cincinnati Reds batting - Pitching for Colorado Rockies : RHP Matthew Hodge
Pitching: RHP Gary Kennedy
Now in LF: Brian Hatcher
Now in CF: Glenn Sewell
Pinch Hitting: SHB Manny Ramirez 0-0: Called Strike
0-1: Fly out, F8 (Flyball, 89M, EV 95.0 MPH)
Batting: RHB Jesus Najera 0-0: SOLO HOME RUN (Flyball, 9D, EV 98.8 MPH), Distance : 391 ft
Batting: LHB Jonathan Nelson 0-0: Ball
1-0: Swinging Strike
1-1: Swinging Strike
1-2: Strikes out swinging
Batting: RHB Walt McGraw 0-0: Foul Ball, location: 2F
0-1: Ball
1-1: Foul Ball, location: 2F
1-2: Foul Ball, location: 2F
1-2: Ball
2-2: Ground out 1-3 (Groundball, 13, EV 66.9 MPH)
Bottom of the 7th over - 1 run, 1 hit, 0 errors, 0 left on base; Colorado 7 - Cincinnati 8
TOP OF THE 8TH
Colorado Rockies batting - Pitching for Cincinnati Reds : LHP Jason Boles
Now in LF: Jamie Moore
Batting: LHB Mike Keatts 0-0: Ball
1-0: Swinging Strike
1-1: Ball
2-1: Ball
3-1: Ground out 6-3 (Groundball, 6M, EV 71.3 MPH)
Batting: LHB Glenn Sewell 0-0: Ball
1-0: Called Strike
1-1: Called Strike
1-2: Foul Ball, location: 23F
1-2: Strikes out swinging
Batting: RHB Mike Woodard 0-0: Called Strike
0-1: Ball
1-1: Ball
2-1: Ball
3-1: DOUBLE (Flyball, 8LXD, EV 108.1 MPH)
Pitching: LHP Matt Bell
Batting: LHB Matt Beck 0-0: Ball
1-0: Called Strike
1-1: Foul Ball, location: 7LMF
1-2: Foul Ball, location: 7LSF
1-2: Fly out, F7 (Flyball, 78M, EV 98.8 MPH)
Top of the 8th over - 0 runs, 1 hit, 0 errors, 1 left on base; Colorado 7 - Cincinnati 8
BOTTOM OF THE 8TH
Cincinnati Reds batting - Pitching for Colorado Rockies : RHP Gary Kennedy
Batting: RHB Alfonso Tejeda 0-0: Foul Ball, location: 2F
0-1: Swinging Strike
0-2: Ball
1-2: Strikes out looking
Batting: RHB Erik Schmidt 0-0: Ball
1-0: Swinging Strike
1-1: Ball
2-1: Called Strike
2-2: Fly out, F6 (Line Drive, 6, EV 71.9 MPH)
Batting: RHB Dave Truax 0-0: Called Strike
0-1: Fly out, F2 (Popup, 23F, EV 84.4 MPH)
Bottom of the 8th over - 0 runs, 0 hits, 0 errors, 0 left on base; Colorado 7 - Cincinnati 8
TOP OF THE 9TH
Colorado Rockies batting - Pitching for Cincinnati Reds : LHP Matt Bell
Now at C: Jake Kidd
Pinch Hitting: RHB Kosuke Sakai 0-0: Ball
1-0: Ball
2-0: Called Strike
2-1: Fly out, F8 (Flyball, 8RD, EV 87.5 MPH)
Batting: LHB Jeremy Papish 0-0: Foul Ball, location: 2F
0-1: Ball
1-1: Ball
2-1: Foul Ball, location: 3F
2-2: Strikes out swinging
Batting: RHB Orlando Serrano 0-0: Foul Ball, location: 9LSF
0-1: Swinging Strike
0-2: Strikes out swinging
Top of the 9th over - 0 runs, 0 hits, 0 errors, 0 left on base; Colorado 7 - Cincinnati 8
Friday, May 10th , 2024 - OOTP Baseball 24.11 Build 85